 Dungeon Crawl Stone Soup version 0.31.0-32-g396128a36d (webtiles) character file.

Game seed: 15496066295126634390

594 mora the Sneak (level 7, -13/47 HPs)
             Began as an Octopode Brigand on Apr 10, 2024.
             Mangled by a sleepcap (19 damage)
             ... on level 4 of the Dungeon.
             The game lasted 00:04:33 (3195 turns).

mora the Sneak (Octopode Brigand)                   Turns: 3195, Time: 00:04:34

Health: -13/47     AC:  1    Str: 10    XL:     7   Next: 39%
Magic:  7/7        EV:  2    Int: 13    God:
Gold:   161        SH:  0    Dex: 16    Spells: 6/6 levels left

rFire   . . .        a - +2 dagger
rCold   . . .        (no shield)
rNeg    . . .        (helmet restricted)
rPois   +            r - amulet of reflection
rElec   .            j - ring of poison resistance
rCorr   .            (no ring)
SInv    .            (no ring)
Will    .....        (no ring)
Stlth   +++++        (no ring)
HPRegen 0.27/turn    (no ring)
MPRegen 0.10/turn    (no ring)
                     (no ring)

%: reflection
@: sleeping
A: almost no armour, amphibious, 8 rings, camouflage 1, gelatinous body 1,
(nimble swimmer 1), tentacles
a: no special abilities


You were on level 4 of the Dungeon.
You visited 1 branch of the dungeon, and saw 4 of its levels.

You collected 161 gold pieces.

Inventory:

Hand Weapons
 a - a +2 dagger (weapon)
 k - a +1 dagger of speed
 s - a +1 dagger of draining
Missiles
 b - 18 poisoned darts (quivered)
 d - 2 curare-tipped darts
 e - a throwing net
Jewellery
 j - a ring of poison resistance (left tentacle)
 r - an amulet of reflection (around mantle)
Scrolls
 g - a scroll of silence {unknown}
 i - 2 scrolls of identify
 p - a scroll of torment
 q - 3 scrolls of noise {unknown}
 t - a scroll of amnesia {unknown}
Potions
 c - 4 potions of curing
 f - a potion of resistance {unknown}
 h - 3 potions of heal wounds
 l - a potion of attraction {unknown}
 m - a potion of magic {unknown}
 n - a potion of cancellation {unknown}
 o - 2 potions of might {unknown}


   Skills:
 + Level 3.9 Fighting
 + Level 3.9 Short Blades
 + Level 3.9 Throwing
 + Level 3.4 Dodging
 + Level 7.2 Stealth


You had 6 spell levels left.
You didn't know any spells.
Your spell library contained the following spells:

 Spells                   Type           Power      Damage    Failure   Level
 Cigotuvi's Dreadful Rot  Necr/Alch/Air  0%         N/A       43%         2
 Gell's Gravitas          Tloc           0%         N/A       67%         3
 Teleport Other           Tloc           0%         N/A       67%         3
 Dispel Undead            Necr           0%         3d6       97%         4
 Martyr's Knell           Necr/Summ      0%         N/A       97%         4
 Death Channel            Necr           0%         N/A       100%        6
 Dispersal                Tloc           0%         N/A       100%        6


Dungeon Overview and Level Annotations

Branches:
Dungeon (4/15)
 Temple: D:4-7

Altars:

Annotations:
D:4 Edmund


Innate Abilities, Weirdness & Mutations

You cannot wear most types of armour.
You are amphibious.
You can wear up to eight rings at the same time.
Your skin changes colour to match your surroundings (Stealth+).
Your rubbery body absorbs attacks. (AC +1, EV +1)
((You are camouflaged when in or above water. (Stealth+)))
You have tentacles for arms and can constrict up to eight enemies at once.


Message History

b - 16 poisoned darts (gained 2)
Things that are here:
a +0 short sword; a +0 leather armour; the elf skeleton of Duvessa
b - 17 poisoned darts (gained 1)
b - 18 poisoned darts (gained 1)
Found a stone staircase leading down.
Found a dagger.
Found a trident.
You open the door.
A goblin, a sleepcap, a jelly and an adder come into view.
Found 2 scrolls labelled KOMUUR QEGE.
The jelly quivers.
The jelly hits you. The acid corrodes you!
You are splashed with acid!
There is an open door here.
You aren't carrying any items that you can evoke.
Unknown command.
The sleepcap attacks as it pursues you! You block the sleepcap's attack.
The sleepcap attacks as it pursues you! The sleepcap closely misses you.
The sleepcap attacks as it pursues you! The sleepcap closely misses you.
The sleepcap releases spores at you. The sleepcap attacks as it pursues you!
The sleepcap releases spores at you.
You are engulfed in a cloud of soporific spores!
You fall asleep.
The sleepcap releases spores at you!
You wake up.
You are no longer corroded.
The sleepcap attacks as it pursues you! The sleepcap releases spores at you.
You are engulfed in a cloud of soporific spores!
You fall asleep.
The sleepcap releases spores at you!!
You wake up.
* * * LOW HITPOINT WARNING * * *
You are engulfed in a cloud of soporific spores!
You are unaffected.
The sleepcap attacks as it pursues you! The sleepcap misses you.
The sleepcap attacks as it pursues you! The sleepcap barely misses you.
The sleepcap attacks as it pursues you! The sleepcap releases spores at you!
* * * LOW HITPOINT WARNING * * *
You are engulfed in a cloud of soporific spores!
You fall asleep.
The sleepcap releases spores at you!!
You die...

####.### #......#######
#.##.#.......#
###.##.#.......#
#......#.......# ..#
#######.#.####....[..#####.#
......#.#.####.......##.....
.....J..#............##<##.#
####.##...####Jf@....##.##.#
#.?#.####.# #.......##.##.#
g..#.# #.# #.##.##.##.##.# #
.S##.# #.# #.#...#.##.##.##.#
.##..# #.# #.#...#<##.......#
##...####.# #.#...........####
.......##.......#.##.######.##
##...#.##............# ##...##
##..#.# ##...###..# ##.†...###


You could see a sleepcap and a jelly.

Vanquished Creatures
  Eustachio (D:4)
  Duvessa (D:4)
  Dowan (D:4)
  A howler monkey (D:4)
  Natasha (thrice) (D:3)
  Robin (D:3)
  3 gnolls (D:3)
  5 adders
  A dart slug (D:3)
  A ribbon worm (D:2)
  2 orcs
  3 bats (D:1)
  9 endoplasms
  2 giant cockroaches
  18 goblins
  11 hobgoblins
  2 jackals (D:2)
  9 kobolds
  5 quokkas
  5 ball pythons
  3 frilled lizards
  6 rats
93 creatures vanquished.

Notes
Turn   | Place    | Note
-------+----------+-------------------------------------------
     0 | D:1      | mora the Octopode Brigand began the quest for the Orb.
     0 | D:1      | Reached XP level 1. HP: 14/14 MP: 1/1
   165 | D:1      | Reached XP level 2. HP: 19/19 MP: 2/2
   678 | D:2      | Reached XP level 3. HP: 18/24 MP: 3/3
  1114 | D:2      | Reached XP level 4. HP: 23/30 MP: 4/4
  1628 | D:3      | Noticed Natasha
  1696 | D:3      | Killed Natasha
  1697 | D:3      | Reached skill level 6 in Stealth
  1752 | D:3      | Found a faded altar of an unknown god.
  1972 | D:3      | Noticed Natasha
  1980 | D:3      | Killed Natasha
  1981 | D:3      | Reached XP level 5. HP: 31/36 MP: 5/5
  2038 | D:3      | Noticed Natasha
  2045 | D:3      | Killed Natasha
  2553 | D:4      | Noticed Robin
  2572 | D:3      | Killed Robin
  2629 | D:4      | Reached XP level 6. HP: 38/42 MP: 6/6
  2756 | D:4      | Noticed Edmund
  2767 | D:4      | Noticed Dowan
  2767 | D:4      | Noticed Duvessa
  2799 | D:4      | Killed Duvessa
  2815 | D:4      | Killed Dowan
  2816 | D:4      | Reached XP level 7. HP: 30/46 MP: 7/7
  3030 | D:4      | Noticed Eustachio
  3042 | D:4      | Killed Eustachio
  3043 | D:4      | Reached skill level 7 in Stealth
  3195 | D:4      | Mangled by a sleepcap

Illustrated notes

Levels and vault maps discovered:
D:1:      dpeg_arrival_simpleton_b, layout_basic
D:2:      layout_loops_corners, mrwooster_statue_mirror
D:3:      layout_basic, shapermc_ecumenical_altar_venn, uniq_natasha
D:4:      cheibrodos_barr_body, layout_loops_cross, minmay_crossroads,
          uniq_edmund, uniq_eustachio, uniq_robin, uniq_duvessa

Skill      XL: |  1  2  3  4  5  6  7 |
---------------+----------------------+-----
Dodging        | 2 3 |  3.4
Stealth        | 6 7 |  7.2
Short Blades   | 3 |  3.9
Throwing       | 3 |  3.9
Fighting       | 3 |  3.9

Action                     |  1- 3 |  4- 6 |  7- 9 || total
---------------------------+-------+-------+-------++-------
  Melee: Dagger            |    58 |   107 |    17 ||   182
         Constrict         |    15 |    27 |     1 ||    43
         Tentacles         |    11 |    33 |     5 ||    49
         Unarmed           |     1 |       |       ||     1
         Punch             |     1 |       |       ||     1
  Throw: Dart              |       |    15 |     6 ||    21
    Use: Scroll            |       |     6 |       ||     6
   Stab: Sleeping          |    18 |     4 |     2 ||    24
 Armour: Skin              |    11 |    40 |    11 ||    62
  Dodge: Dodged            |    26 |    53 |     8 ||    87
  Block: Other             |       |    17 |     4 ||    21
         Reflection        |       |     1 |       ||     1
